 Dungeon Crawl Stone Soup version 0.17-a0-1430-g49fde19 (console) character file.

396 hyperkellhus the Poker (level 6, -1/46 HPs)
             Began as a Merfolk Summoner on June 24, 2015.
             Killed by nerve-wracking pain
             ... invoked by Grinder
              (14 damage)
             ... on level 5 of the Dungeon on June 25, 2015.
             The game lasted 00:12:59 (3990 turns).

hyperkellhus the Poker (Merfolk Summoner)           Turns: 3990, Time: 00:12:59

Health: -1/46      AC:  6    Str:  8    XL:     6   Next: 83%
Magic:  11/11      EV: 14    Int: 16    God:
Gold:   203        SH:  0    Dex: 15    Spells: 1 memorised, 11 levels left

rFire  . . .     SeeInvis .     A - +0 spear
rCold  . . .     Clarity  .     j - +0 robe
rNeg   . . .     SustAt   .     (no shield)
rPois  .         Gourm    .     k - +2 helmet
rElec  .         Spirit   .     (no cloak)
rCorr  .         Warding  .     (no gloves)
rMut   .         Stasis   .     q - +0 pair of boots (curse)
MR     .....                    (no amulet)
Stlth  ++........               (no ring)
                                (no ring)

@: not resistant to hostile enchantments, unstealthy
A: change form in water, swift swim
a: no special abilities


You were on level 5 of the Dungeon.
You were not hungry.

You visited 1 branch of the dungeon, and saw 5 of its levels.

You collected 203 gold pieces.

Inventory:

Hand weapons
 a - a +2 short sword of draining
 g - a +0 whip
 A - a +0 spear (weapon)
Armour
 j - a +0 robe (worn)
 k - a +2 helmet (worn)
 q - a cursed +0 pair of boots (worn)
 C - a +3 scale mail
Magical devices
 u - a wand of polymorph (1)
Scrolls
 e - 4 scrolls of remove curse {unknown}
 i - 2 scrolls of magic mapping {unknown}
 n - a scroll of enchant armour {unknown}
 p - a scroll of amnesia {unknown}
 r - a scroll of identify {unknown}
 s - a scroll of noise {unknown}
 t - a scroll of enchant weapon {unknown}
 v - 2 scrolls of random uselessness {unknown}
 D - a scroll of teleportation {unknown}
Potions
 d - a potion of brilliance {unknown}
 f - 2 potions of resistance {unknown}
 l - 2 potions of curing
 o - a potion of cancellation {unknown}
 x - a potion of haste {unknown}
 z - a potion of heal wounds {unknown}
 E - a potion of cure mutation {unknown}
Books
 b - a book of Callings

   Spells                             Type                      Level
   a - Summon Small Mammal            Summoning                    1
   b - Call Imp                       Summoning                    2
   c - Call Canine Familiar           Summoning                    3
   d - Summon Guardian Golem          Hexes/Summoning              3
   e - Summon Lightning Spire         Summoning/Air                4
   f - Summon Ice Beast               Ice/Summoning                4
Comestibles
 c - 3 bread rations
 m - 3 beef jerkies
 w - 2 meat rations


   Skills:
 - Level 2.7 Fighting
 + Level 6.5 Polearms
 - Level 4.0 Dodging
 - Level 2.1 Stealth
 - Level 3.5 Spellcasting
 - Level 4.0 Summonings


You had 11 spell levels left.
You knew the following spells:

 Your Spells              Type           Power        Failure   Level  Hunger
a - Summon Small Mammal   Summ           ###.         4%          1    None


Dungeon Overview and Level Annotations

Branches:
Dungeon (5/15)
 Temple: D:4-7

Altars:
Kikubaaqudgha
Vehumet
Yredelemnul

Annotations:
D:3 Terandir's ghost, average DEIE
D:5 Grinder


Message History

Pain shoots through your body!
Grinder gestures.
Grinder blinks!
Grinder hits you.
* * * LOW HITPOINT WARNING * * *
You writhe in agony.
* * * LOW HITPOINT WARNING * * *
Grinder gestures at you.
You barely resist.
You can move again.
Drink which item? (? for menu, Esc to quit)
It was a potion of curing.
You feel better. Grinder gestures at you. Pain shoots through your body!
* * * LOW HITPOINT WARNING * * *
Drink which item? (? for menu, Esc to quit)
You feel better. Grinder gestures at you. Pain shoots through your body!
You die...

..# ##...##..# #.
##.....####
#..####.#.# #...#
##)## #..######.#
##..####....#
#...#.....##...#
.........5.# #.##
###....#@.## .#
#..###..# # .#
#...#...# #.##
##......##
#..####.......#
#....#...#....# ###
#....... ##...###.#
#..#...# ##......##
##..##..###.......##


You could see Grinder.

Vanquished Creatures
  A centaur (D:5)
  An orc priest (D:5)
  A hound (D:5)
  Robin (D:2)
  3 adders
  An ooze (D:1)
  2 giant geckos
  An orc (D:5)
  A bat skeleton (D:5)
  A giant cockroach (D:3)
  7 hobgoblins
  12 jackals
  6 kobolds
  7 bats
  11 goblins
  2 quokkas
  4 rats
62 creatures vanquished.

Vanquished Creatures (collateral kills)
  2 ogres (D:5)
  A hound zombie (D:5)
  2 adders (D:2)
  4 gnolls (D:4)
  An ooze (D:1)
  2 worms (D:2)
  2 giant geckos
  An orc (D:5)
  2 ball pythons
  5 giant cockroaches (D:1)
  7 hobgoblins
  6 bats (D:1)
  2 giant newts (D:1)
  9 goblins
  2 jackals (D:1)
  4 kobolds
  3 rats
55 creatures vanquished.

Grand Total: 117 creatures vanquished

Notes
Turn   | Place    | Note
--------------------------------------------------------------
     0 | D:1      | hyperkellhus the Merfolk Summoner began the quest for the Orb.
     0 | D:1      | Reached XP level 1. HP: 13/13 MP: 3/3
     0 | D:1      | Upgraded the game from 0.17-a0-1421-g95311d7 to 0.17-a0-1430-g49fde19
   453 | D:1      | Reached XP level 2. HP: 17/19 MP: 1/5
  1019 | D:1      | Reached XP level 3. HP: 24/24 MP: 4/7
  1345 | D:2      | Noticed Robin
  1403 | D:2      | Killed Robin
  1409 | D:2      | Reached skill level 1 in Fighting
  1602 | D:2      | Reached XP level 4. HP: 32/32 MP: 5/9
  1972 | D:3      | Found a radiant altar of Vehumet.
  2091 | D:3      | Noticed Terandir's ghost (average DEIE)
  2265 | D:3      | Found an ancient bone altar of Kikubaaqudgha.
  2523 | D:3      | Found a basalt altar of Yredelemnul.
  2808 | D:4      | Reached XP level 5. HP: 38/38 MP: 8/10
  3150 | D:4      | Reached skill level 1 in Polearms
  3450 | D:5      | Entered Level 5 of the Dungeon
  3450 | D:5      | Noticed an ogre
  3693 | D:5      | Noticed a centaur
  3708 | D:5      | Killed a centaur
  3708 | D:5      | Reached skill level 5 in Polearms
  3708 | D:5      | Reached XP level 6. HP: 23/46 MP: 11/11
  3878 | D:5      | Noticed an ogre
  3886 | D:5      | Noticed an ogre
  3886 | D:5      | Killed an ogre
  3898 | D:5      | Killed an ogre
  3898 | D:5      | Reached skill level 6 in Polearms
  3934 | D:5      | Noticed Grinder
  3983 | D:5      | Paralysed by Grinder for 6 turns
  3989 | D:5      | HP: 2/46 [Grinder/nerve-wracking pain (14)]
  3990 | D:5      | Killed from afar by Grinder

Vault maps used:
D:1:      minmay_arrival_four_houses, hangedman_abyss_or_decor_lesser_grid
D:2:      first_bread, uniq_robin
D:3:      vehumet_crystals, kiku_gazebo_garden_becter,
          nicolae_overflow_crystal_walls
D:5:      nemelex_xobeh_ov_fountains_minmay, lightli_temple_of_fire,
          uniq_edmund, uniq_grinder

Action                   |  1- 3 |  4- 6 || total
-------------------------+-------+-------++-------
Melee: Unarmed           |    19 |       ||    19
       Whip              |    29 |       ||    29
       Short sword       |    23 |   162 ||   185
       Spear             |       |     1 ||     1
 Cast: Summon Small Mamm |    85 |    67 ||   152
  Use: Potion            |       |     2 ||     2
 Stab: Sleeping          |       |     4 ||     4
       Distracted        |       |     2 ||     2
  Eat: Chunk             |     3 |     7 ||    10
